TOP OF THE 1ST |
Michigan Wolverines batting - Pitching for Virginia Tech Hokies : RHP Joel Bailey
|
Pitching: RHP Joel Bailey
|
|
Batting: RHB Scott Walker
|
0-0: Foul Ball, location: 2F 0-1: Hit by Pitch
|
Batting: RHB Mario Silva
|
0-0: Foul Ball, location: 2F 0-1: Fielders Choice at 2nd, 1-6 (Groundball, 15S)
|
Batting: RHB Patrick Potts
|
0-0: Ball 1-0: Called Strike 1-1: Called Strike 1-2: Ball 2-2: Foul Ball, location: 2F 2-2: Fielders Choice at 2nd, 4-6 (Groundball, 4)
|
Batting: SHB Mike Howard
|
0-0: Foul Ball, location: 2F 0-1: Ground out 4-3 (Groundball, 4)
|
Top of the 1st over - 0 run(s), 0 hit(s), 0 error(s), 1 left on base; Michigan 0 - Virginia Tech 0 |
BOTTOM OF THE 1ST |
Virginia Tech Hokies batting - Pitching for Michigan Wolverines : RHP Lester Williams
|
Pitching: RHP Lester Williams
|
|
Batting: RHB Felipe Núñez
|
0-0: Ground out 6-3 (Groundball, 6M)
|
Batting: LHB Ken Walden
|
0-0: Ball 1-0: Called Strike 1-1: Swinging Strike 1-2: Fly out, F3 (Popup, 3DF)
|
Batting: RHB Francisco González
|
0-0: Swinging Strike 0-1: Ball 1-1: Foul Ball, location: 2F 1-2: Ball 2-2: Ground out 3-1 (Groundball, 34)
|
Bottom of the 1st over - 0 run(s), 0 hit(s), 0 error(s), 0 left on base; Michigan 0 - Virginia Tech 0 |
TOP OF THE 2ND |
Michigan Wolverines batting - Pitching for Virginia Tech Hokies : RHP Joel Bailey
|
Batting: SHB Rafael Acosta
|
0-0: Ball 1-0: Ball 2-0: Ball 3-0: Called Strike 3-1: Swinging Strike 3-2: SOLO HOME RUN (Flyball, 8LXD), Distance : 395 ft
|
Batting: RHB Vincente León
|
0-0: Swinging Strike 0-1: Ball 1-1: Ball 2-1: Ball 3-1: SINGLE (Groundball, 4)
|
Batting: SHB Denver Harmon
|
Pickoff Throw to First - Out! 0-0: Ball 1-0: Ball 2-0: Called Strike 2-1: Called Strike 2-2: Foul Ball, location: 2F 2-2: Strikes out swinging
|
Batting: LHB George Flanagan
|
0-0: Ground out 4-3 (Groundball, 4)
|
Top of the 2nd over - 1 run(s), 2 hit(s), 0 error(s), 0 left on base; Michigan 1 - Virginia Tech 0 |
BOTTOM OF THE 2ND |
Virginia Tech Hokies batting - Pitching for Michigan Wolverines : RHP Lester Williams
|
Batting: RHB Jerry Moore
|
0-0: Ball 1-0: Called Strike Error on foul ball, E7 1-2: Ball 2-2: Strikes out looking
|
Batting: RHB Mark Gibson
|
0-0: Called Strike 0-1: Swinging Strike 0-2: Ball 1-2: Ball 2-2: Ball 3-2: Strikes out swinging
|
Batting: LHB Larry Ringer
|
0-0: Called Strike 0-1: Ball 1-1: SINGLE (Groundball, 3D)
|
Batting: RHB Matt Dickson
|
0-0: Swinging Strike 0-1: Called Strike 0-2: Strikes out looking
|
Bottom of the 2nd over - 0 run(s), 1 hit(s), 1 error(s), 1 left on base; Michigan 1 - Virginia Tech 0 |
TOP OF THE 3RD |
Michigan Wolverines batting - Pitching for Virginia Tech Hokies : RHP Joel Bailey
|
Batting: RHB Ray Robertson
|
0-0: Ball 1-0: Ball 2-0: Ball 3-0: Called Strike 3-1: Base on Balls
|
Batting: RHB Scott Walker
|
0-0: Ball 1-0: Fly out, F7 (Flyball, 7S)
|
Batting: RHB Mario Silva
|
0-0: Ball 1-0: Ball Ray Robertson is caught stealing 2nd base 2-0: Swinging Strike 2-1: Ball 3-1: Called Strike 3-2: Fly out, F8 (Flyball, 8LD)
|
Top of the 3rd over - 0 run(s), 0 hit(s), 0 error(s), 0 left on base; Michigan 1 - Virginia Tech 0 |
BOTTOM OF THE 3RD |
Virginia Tech Hokies batting - Pitching for Michigan Wolverines : RHP Lester Williams
|
Batting: LHB Juan Carlos Manuel
|
0-0: Ground out 4-3 (Groundball, 4MS)
|
Batting: RHB Tucker Cantrell
|
0-0: Called Strike 0-1: Foul Ball, location: 2F 0-2: Ball 1-2: Ball 2-2: Ball 3-2: Foul Ball, location: 2F 3-2: Foul Ball, location: 2F 3-2: Ground out 4-3 (Groundball, 4S)
|
Batting: RHB Felipe Núñez
|
0-0: Foul Ball, location: 2F 0-1: Ball 1-1: Fly out, F3 (Popup, 3F)
|
Bottom of the 3rd over - 0 run(s), 0 hit(s), 0 error(s), 0 left on base; Michigan 1 - Virginia Tech 0 |
TOP OF THE 4TH |
Michigan Wolverines batting - Pitching for Virginia Tech Hokies : RHP Joel Bailey
|
Batting: RHB Patrick Potts
|
0-0: Ball 1-0: Foul Ball, location: 2F 1-1: Swinging Strike 1-2: Strikes out looking
|
Batting: SHB Mike Howard
|
0-0: Called Strike 0-1: Swinging Strike 0-2: Fly out, F8 (Flyball, 8RM)
|
Batting: SHB Rafael Acosta
|
0-0: Ball 1-0: Fly out, F7 (Flyball, 78M)
|
Top of the 4th over - 0 run(s), 0 hit(s), 0 error(s), 0 left on base; Michigan 1 - Virginia Tech 0 |
BOTTOM OF THE 4TH |
Virginia Tech Hokies batting - Pitching for Michigan Wolverines : RHP Lester Williams
|
Batting: LHB Ken Walden
|
0-0: Ball 1-0: Ball 2-0: Foul Ball, location: 2F 2-1: Ball 3-1: Swinging Strike 3-2: Strikes out swinging
|
Batting: RHB Francisco González
|
0-0: Ball 1-0: Called Strike 1-1: Ball 2-1: Ball 3-1: Ground out 6-3 (Groundball, 6)
|
Batting: RHB Jerry Moore
|
0-0: Called Strike 0-1: Called Strike 0-2: Ball 1-2: Foul Ball, location: 2F 1-2: Strikes out looking
|
Bottom of the 4th over - 0 run(s), 0 hit(s), 0 error(s), 0 left on base; Michigan 1 - Virginia Tech 0 |
TOP OF THE 5TH |
Michigan Wolverines batting - Pitching for Virginia Tech Hokies : RHP Joel Bailey
|
Batting: RHB Vincente León
|
0-0: SINGLE (Groundball, 13S) (infield hit)
|
Batting: SHB Denver Harmon
|
0-0: Foul Ball, location: 2F 0-1: Swinging Strike 0-2: Ball 1-2: Fielders Choice at 2nd, 1-6 (Groundball, 13S)
|
Batting: LHB George Flanagan
|
0-0: Ball 1-0: Called Strike 1-1: Ball 2-1: SINGLE (Line Drive, 9S) Denver Harmon to second
|
Batting: RHB Ray Robertson
|
0-0: Called Strike 0-1: Ball 1-1: Ball 2-1: Fly out, F9 (Flyball, 9D) Runner from 2nd tags up, SAFE at 3rd, no throw
|
Batting: RHB Scott Walker
|
0-0: Ball 1-0: Called Strike 1-1: Ball 2-1: Swinging Strike 2-2: Ball 3-2: Foul Ball, location: 2F 3-2: Base on Balls George Flanagan to second
|
Batting: RHB Mario Silva
|
0-0: Ball 1-0: Ball 2-0: Foul Ball, location: 2F 2-1: Called Strike 2-2: Ball 3-2: SINGLE (Groundball, 56) Denver Harmon scores George Flanagan to third Scott Walker to second George Flanagan scores Scott Walker to third
|
Batting: RHB Patrick Potts
|
0-0: Ball 1-0: Ball 2-0: Foul Ball, location: 2F 2-1: Ball 3-1: Base on Balls Mario Silva to second
|
Pitching: RHP Sergio Álvarez
|
|
Batting: SHB Mike Howard
|
0-0: Called Strike 0-1: SINGLE (Line Drive, 34D) Scott Walker scores Mario Silva to third Patrick Potts to second Runner from 3rd tries for Home, SAFE, no throw or cutoff
|
Batting: SHB Rafael Acosta
|
0-0: Ball 1-0: Ball 2-0: SINGLE (Line Drive, 5L) Patrick Potts to third Mike Howard to second Runner from 3rd tries for Home, SAFE, no throw or cutoff
|
Batting: RHB Vincente León
|
0-0: Ball 1-0: SINGLE (Groundball, 34D) Mike Howard to third Rafael Acosta to second Runner from 3rd tries for Home, SAFE, no throw or cutoff
|
Batting: SHB Denver Harmon
|
0-0: Ball 1-0: SINGLE (Groundball, 6MD) Rafael Acosta to third Vincente León to second Runner from 3rd tries for Home, SAFE, throw made home
|
Batting: LHB George Flanagan
|
0-0: Ball 1-0: Ball 2-0: Called Strike 2-1: Ball 3-1: Base on Balls Vincente León to third Denver Harmon to second
|
Batting: RHB Ray Robertson
|
0-0: Foul Ball, location: 2F 0-1: SINGLE (Line Drive, 7S) Vincente León scores Denver Harmon to third George Flanagan to second
|
Pitching: LHP Phil Green
|
|
Batting: RHB Scott Walker
|
0-0: Ball Wild Pitch! Denver Harmon scores George Flanagan to third Ray Robertson to second 1-0: Swinging Strike 1-1: Ball 2-1: SINGLE (Groundball, 4M) George Flanagan scores Ray Robertson to third Runner from 3rd tries for Home, SAFE, no throw or cutoff
|
Batting: RHB Mario Silva
|
0-0: Ball 1-0: Foul Ball, location: 2F 1-1: Foul Ball, location: 2F 1-2: Ball 2-2: Ball 3-2: Strikes out swinging
|
Top of the 5th over - 11 run(s), 9 hit(s), 0 error(s), 1 left on base; Michigan 12 - Virginia Tech 0 |
BOTTOM OF THE 5TH |
Virginia Tech Hokies batting - Pitching for Michigan Wolverines : RHP Lester Williams
|
Batting: RHB Mark Gibson
|
0-0: Ball 1-0: Ground out 6-3 (Groundball, 6)
|
Batting: LHB Larry Ringer
|
0-0: Ball 1-0: Foul Ball, location: 2F 1-1: Foul Ball, location: 2F 1-2: Ground out 4-3 (Groundball, 4)
|
Batting: RHB Matt Dickson
|
0-0: Called Strike 0-1: Ball 1-1: Ball 2-1: SINGLE (Line Drive, 6D)
|
Batting: LHB Juan Carlos Manuel
|
0-0: Called Strike 0-1: SINGLE (Line Drive, 7S) Matt Dickson to second
|
Batting: RHB Tucker Cantrell
|
0-0: SINGLE (Line Drive, 4M) Matt Dickson to third Juan Carlos Manuel to second
|
Batting: RHB Felipe Núñez
|
0-0: Foul Ball, location: 2F 0-1: Fly out, F3 (Popup, 3F)
|
Bottom of the 5th over - 0 run(s), 3 hit(s), 0 error(s), 3 left on base; Michigan 12 - Virginia Tech 0 |
TOP OF THE 6TH |
Michigan Wolverines batting - Pitching for Virginia Tech Hokies : LHP Phil Green
|
Batting: RHB Patrick Potts
|
0-0: Ball 1-0: Fly out, F4 (Line Drive, 4M)
|
Batting: SHB Mike Howard
|
0-0: Ball 1-0: Called Strike 1-1: Ball 2-1: Ground out 4-3 (Groundball, 13)
|
Batting: SHB Rafael Acosta
|
0-0: Foul Ball, location: 2F 0-1: SINGLE (Line Drive, 78S)
|
Batting: RHB Vincente León
|
0-0: Ball 1-0: Ball 2-0: Ball 3-0: Base on Balls Rafael Acosta to second
|
Batting: SHB Denver Harmon
|
0-0: Called Strike 0-1: Ball 1-1: Ball 2-1: Ball 3-1: Ground out 5-3 (Groundball, 56)
|
Top of the 6th over - 0 run(s), 1 hit(s), 0 error(s), 2 left on base; Michigan 12 - Virginia Tech 0 |
BOTTOM OF THE 6TH |
Virginia Tech Hokies batting - Pitching for Michigan Wolverines : RHP Lester Williams
|
Batting: LHB Ken Walden
|
0-0: Ball 1-0: Ball 2-0: Called Strike 2-1: Swinging Strike 2-2: SINGLE (Line Drive, 6MD)
|
Batting: RHB Francisco González
|
0-0: Ball 1-0: SINGLE (Groundball, 6M) Ken Walden to second
|
Batting: RHB Jerry Moore
|
0-0: Swinging Strike 0-1: Foul Ball, location: 2F 0-2: Foul Ball, location: 2F 0-2: Strikes out swinging
|
Pitching: RHP Melvin Sharp
|
|
Batting: RHB Mark Gibson
|
0-0: Ball 1-0: Called Strike 1-1: Swinging Strike 1-2: Strikes out swinging
|
Batting: LHB Larry Ringer
|
0-0: Ball 1-0: Fly out, F8 (Line Drive, 8RM)
|
Bottom of the 6th over - 0 run(s), 2 hit(s), 0 error(s), 2 left on base; Michigan 12 - Virginia Tech 0 |
TOP OF THE 7TH |
Michigan Wolverines batting - Pitching for Virginia Tech Hokies : LHP Phil Green
|
Pinch Hitting: SHB Juan Carlos Mesa
|
0-0: Ball 1-0: Foul Ball, location: 2F 1-1: Fly out, F8 (Flyball, 8LM)
|
Batting: RHB Ray Robertson
|
0-0: Ball 1-0: Fly out, F8 (Flyball, 8RM)
|
Batting: RHB Scott Walker
|
0-0: Called Strike 0-1: Foul Ball, location: 2F 0-2: Ball 1-2: Foul Ball, location: 2F 1-2: Foul Ball, location: 2F 1-2: Strikes out swinging
|
Top of the 7th over - 0 run(s), 0 hit(s), 0 error(s), 0 left on base; Michigan 12 - Virginia Tech 0 |
BOTTOM OF THE 7TH |
Virginia Tech Hokies batting - Pitching for Michigan Wolverines : RHP Melvin Sharp
|
Now at 2B: Juan Carlos Mesa
|
|
Batting: RHB Matt Dickson
|
0-0: Swinging Strike 0-1: Ball 1-1: Ball 2-1: Ball 3-1: Foul Ball, location: 2F 3-2: Foul Ball, location: 2F 3-2: DOUBLE (Line Drive, 56D)
|
Batting: LHB Juan Carlos Manuel
|
0-0: Ball 1-0: Called Strike 1-1: Ball 2-1: Ball 3-1: Called Strike 3-2: Foul Ball, location: 2F 3-2: Base on Balls
|
Batting: RHB Tucker Cantrell
|
0-0: Called Strike 0-1: Foul Ball, location: 2F 0-2: Ball 1-2: Strikes out looking
|
Batting: RHB Felipe Núñez
|
0-0: Foul Ball, location: 2F 0-1: Grounds into double play, 5-4-3 (Groundball, 5)
|
Bottom of the 7th over - 0 run(s), 1 hit(s), 0 error(s), 1 left on base; Michigan 12 - Virginia Tech 0 |
TOP OF THE 8TH |
Michigan Wolverines batting - Pitching for Virginia Tech Hokies : LHP Phil Green
|
Pitching: RHP Pedro Faboila
|
|
Batting: RHB Mario Silva
|
0-0: Ball 1-0: Called Strike 1-1: Foul Ball, location: 2F 1-2: Strikes out swinging
|
Batting: RHB Patrick Potts
|
0-0: Ball 1-0: Foul Ball, location: 2F 1-1: Ground out 6-3 (Groundball, 6MS)
|
Batting: SHB Mike Howard
|
0-0: Swinging Strike 0-1: Called Strike 0-2: Strikes out looking
|
Top of the 8th over - 0 run(s), 0 hit(s), 0 error(s), 0 left on base; Michigan 12 - Virginia Tech 0 |
BOTTOM OF THE 8TH |
Virginia Tech Hokies batting - Pitching for Michigan Wolverines : RHP Melvin Sharp
|
Batting: LHB Ken Walden
|
0-0: SINGLE (Groundball, 4MD) (infield hit)
|
Batting: RHB Francisco González
|
0-0: Fly out, F2 (Popup, 2RF)
|
Pitching: RHP Ray Robbins
|
|
Batting: RHB Jerry Moore
|
0-0: Ball 1-0: Ball 2-0: Ball 3-0: Called Strike 3-1: Base on Balls Ken Walden to second
|
Batting: RHB Mark Gibson
|
0-0: Ball 1-0: Foul Ball, location: 2F 1-1: SINGLE (Groundball, 4MD) Ken Walden to third Jerry Moore to second
|
Batting: LHB Larry Ringer
|
0-0: SINGLE (Groundball, 56D) Ken Walden scores Jerry Moore to third Mark Gibson to second Runner from 3rd tries for Home, SAFE, no throw or cutoff
|
Batting: RHB Matt Dickson
|
0-0: Ball 1-0: Called Strike 1-1: Foul Ball, location: 2F 1-2: Fly out, F5 (Popup, 5L)
|
Batting: LHB Juan Carlos Manuel
|
0-0: Foul Ball, location: 2F 0-1: Called Strike 0-2: Foul Ball, location: 2F 0-2: Foul Ball, location: 2F 0-2: Ball 1-2: Foul Ball, location: 2F 1-2: Ball 2-2: Ground out 3-1 (Groundball, 34)
|
Bottom of the 8th over - 2 run(s), 3 hit(s), 0 error(s), 2 left on base; Michigan 12 - Virginia Tech 2 |
TOP OF THE 9TH |
Michigan Wolverines batting - Pitching for Virginia Tech Hokies : RHP Pedro Faboila
|
Batting: SHB Rafael Acosta
|
0-0: Fly out, F6 (Line Drive, 6)
|
Batting: RHB Vincente León
|
0-0: SINGLE (Groundball, 34)
|
Batting: SHB Denver Harmon
|
0-0: Called Strike 0-1: Swinging Strike 0-2: Ball 1-2: Grounds out, U3 (Groundball, 3L)
|
Batting: SHB Juan Carlos Mesa
|
0-0: Ball 1-0: Ground out 5-3 (Groundball, 56S)
|
Top of the 9th over - 0 run(s), 1 hit(s), 0 error(s), 1 left on base; Michigan 12 - Virginia Tech 2 |
BOTTOM OF THE 9TH |
Virginia Tech Hokies batting - Pitching for Michigan Wolverines : RHP Ray Robbins
|
Batting: RHB Tucker Cantrell
|
0-0: Hit by Pitch
|
Batting: RHB Felipe Núñez
|
0-0: Ball 1-0: Ball 2-0: Ball 3-0: Called Strike 3-1: Called Strike 3-2: Strikes out looking
|
Batting: LHB Ken Walden
|
0-0: Ball 1-0: Ball 2-0: Ball 3-0: Base on Balls Tucker Cantrell to second
|
Batting: RHB Francisco González
|
0-0: Ball 1-0: Ball 2-0: Swinging Strike 2-1: Fly out, F8 (Line Drive, 8RM)
|
Batting: RHB Jerry Moore
|
0-0: Called Strike 0-1: Ball 1-1: Ground out 5-3 (Groundball, 5L)
|
Bottom of the 9th over - 0 run(s), 0 hit(s), 0 error(s), 2 left on base; Michigan 12 - Virginia Tech 2 |
|